Map: Romanticide LE

Players

flyrev - Winner!

  • Race: Zerg Zerg
  • League: Diamond
  • Spawn Location: 5:00

kuba

  • Race: Terran Terran
  • League: Diamond
  • Spawn Location: 11:00

VOD

Have the link to the VOD?

Description

Time

  • Played on: Dec. 21, 2020, 3:39 a.m.
  • Length: 9:57
Show
View Real Time Build Order
Export as new Build Order

flyrev Zerg - Winner!

Build Orders: Pool First 

Get SALT Encoding   

  12  0:00  Drone  
  13  0:13  Overlord  
  13  0:17  Drone  
  14  0:31  Drone x2  
  16  0:47  Extractor  
  16  0:48  Spawning Pool  
  14  0:54  Drone  
  14  0:56  Drone  
  16  1:04  Drone  
  17  1:11  Drone  
  18  1:21  Hatchery  
  17  1:28  Drone  
  18  1:36  Zergling x2  
  19  1:40  Zergling x2  
  19  1:43  Queen  
  22  2:01  Metabolic Boost  
  22  2:03  Roach Warren  
  22  2:07  Overlord  
  21  2:34  Queen  
  23  2:37  Zergling x2  
  23  2:38  Zergling x6  
  23  2:43  Burrow  
  27  2:46  Roach  
  29  2:57  Overlord  
  29  3:01  Overlord  
  29  3:16  Overlord x2  
  29  3:33  Roach x2  
  29  3:34  Roach  
  35  3:42  Ravager  
  35  3:43  Roach  
  38  3:50  Roach  
  40  4:01  Roach  
  42  4:06  Overlord  
  42  4:07  Roach  
  40  4:20  Zergling x8  
  40  4:21  Zergling x2  
  40  4:25  Zergling x2  
  40  4:28  Zergling x2  
  42  4:35  Ravager  
  43  4:43  Zergling x6  
  45  5:00  Roach x2  
  45  5:03  Roach  
  51  5:12  Roach  
  50  5:20  Zergling x8  
  46  5:27  Zergling x4  
  42  5:31  Roach  
  42  5:42  Zergling x2  
  43  5:55  Ravager  
  44  6:05  Zergling x12  
  50  6:17  Ravager  
  35  6:50  Zergling x8  
  35  6:51  Zergling x18  
  35  6:53  Zergling x2  
  47  7:06  Zergling x4  
Show
View Real Time Build Order
Export as new Build Order

kuba Terran 

Build Orders:  

Get SALT Encoding   

  12  0:00  SCV  
  13  0:12  SCV  
  14  0:17  Supply Depot  
  14  0:25  SCV  
  15  0:39  SCV  
  15  0:42  Barracks  
  16  0:50  Refinery  
  16  0:51  SCV  
  17  1:04  SCV  
  18  1:16  SCV  
  19  1:29  Orbital Command  
  19  1:33  Barracks Reactor  
  19  1:42  Command Center  
  19  1:51  Supply Depot  
  19  1:55  SCV  
  20  2:08  SCV  
  21  2:09  Marine x2  
  23  2:17  Factory  
  23  2:20  SCV  
  24  2:28  Marine x2  
  26  2:32  SCV  
  27  2:45  SCV  
  27  2:48  Marine  
  27  2:49  Marine  
  30  2:57  SCV  
  31  3:03  Orbital Command  
  31  3:14  Hellion  
  31  3:15  Barracks Reactor, Starport, Hellion  
  35  3:26  Supply Depot  
  34  3:37  Hellion x2  
  38  3:55  Medivac  
  40  3:58  Refinery  
  40  4:04  Widow Mine x2  
  38  4:31  Bunker  
  36  4:38  Widow Mine  
  40  4:43  Marine x2  
  40  4:53  Liberator  
  34  5:23  Widow Mine x2  
  34  5:27  Orbital Command  
  38  5:46  Supply Depot  
  38  5:51  Starport Reactor  
  38  6:08  Marine x2, Widow Mine x2  
  44  6:16  Supply Depot  
  43  6:25  Marine x2  
  28  6:43  Marine  
  28  6:47  Liberator  
  28  6:48  Marine  
  28  6:49  Widow Mine x2  
  23  7:01  Marine  
  21  7:08  Liberator  
Tags
 
Add a new tag
Caveats
  • Supply blocks, unpowered buildings, or Contaminate may cause inaccurate times.
  • Supply counts are checked every 10 seconds.